 Dungeon Crawl Stone Soup version 0.22-a0-293-gc9362ec4a2 (webtiles) character file.

3144 Infinimo the Basher (level 9, -6/123 HPs)
             Began as a Minotaur Berserker on Mar 24, 2018.
             Was an Elder of Trog.
             Mangled by an orc warrior
             ... wielding a +0 flail
              (10 damage)
             ... on level 8 of the Dungeon.
             The game lasted 00:07:18 (5850 turns).

Infinimo the Basher (Minotaur Berserker)            Turns: 5850, Time: 00:07:19

Health: -6/123     AC: 15    Str: 26    XL:     9   Next: 62%
Magic:  8/8        EV:  9    Int:  7    God:    Trog [****..]
Gold:   402        SH:  0    Dex: 14    Spells: 8/8 levels left

rFire    + . .     SeeInvis .   a - +0 mace
rCold    . . .     Gourm    .   (no shield)
rNeg     . . .     Faith    .   o - +1 chain mail of the Republic {rF+ MR+ Int+3} (curse)
rPois    .         Spirit   .   (helmet restricted)
rElec    .         Reflect  .   (no cloak)
rCorr    .         Harm     .   d - +2 pair of gloves
MR       +....                  (no boots)
Stlth    ..........             j - amulet of magic regeneration
HPRegen  0.30/turn              (no ring)
MPRegen  0.36/turn              (no ring)

@: berserking, very quick
A: retaliatory headbutt, horns 2
a: Berserk, Trog's Hand, Brothers in Arms, Renounce Religion


You were on level 8 of the Dungeon.
You worshipped Trog.
Trog was greatly pleased with you.
You were hungry.

You visited 1 branch of the dungeon, and saw 8 of its levels.
You also visited: Sewer.

You collected 402 gold pieces.

Inventory:

Hand Weapons
 a - a +0 mace (weapon)
Armour
 d - a +2 pair of gloves (worn)
 o - the cursed +1 chain mail of the Republic (worn) {rF+ MR+ Int+3}
   (You found it on level 4 of the Dungeon)

   It affects your intelligence (+3).
   It protects you from fire.
   It affects your resistance to hostile enchantments.
   It has a curse placed upon it.
Jewellery
 f - an uncursed amulet of harm {unknown}
 j - an amulet of magic regeneration (around neck)
 r - a cursed -6 ring of evasion {unknown}
 u - an uncursed amulet of the acrobat {unknown}
Scrolls
 b - 6 scrolls of identify
 h - 5 scrolls of teleportation
 i - 4 scrolls of remove curse
 l - 3 scrolls of fear
 m - a scroll of fog {unknown}
 p - a scroll of blinking
 x - a scroll of immolation {unknown}
 y - a scroll of noise {unknown}
Potions
 e - 2 potions of might
 g - 3 potions of curing
 k - 2 potions of haste
 n - 3 potions of heal wounds
 q - a potion of invisibility {unknown}
 s - a potion of berserk rage {unknown}
 t - a potion of lignification {unknown}
 v - a potion of cancellation {unknown}
 z - a potion of magic {unknown}
Comestibles
 c - 12 rations
 w - 16 chunks of flesh


   Skills:
 + Level 8.9 Fighting
 * Level 11.8 Maces & Flails
 + Level 8.4 Armour
 - Level 2.1 Dodging


You had 8 spell levels left.
You didn't know any spells.

Dungeon Overview and Level Annotations

Branches:
Dungeon (8/15)             Temple (0/1) D:7
   Lair: D:8-11

Altars:
Elyvilon
Qazlal
Xom
The Shining One

Shops:
D:5 ?


Innate Abilities, Weirdness & Mutations

You reflexively headbutt those who attack you in melee.
You have a pair of horns on your head.


Message History

You are feeling hungry.
The ogre hits you with a giant spiked club!
* * * LOW HITPOINT WARNING * * *
An orc comes into view. It is wielding a mace.
You thump the ogre! You headbutt the ogre.
The ogre is almost dead.
You sock the ogre!
You kill the ogre!
Trog accepts your kill.
The orc priest invokes the aid of Beogh against you.
Beogh smites you!
* * * LOW HITPOINT WARNING * * *
The orc warrior hits you with a flail!
* * * LOW HITPOINT WARNING * * *
You see here a giant spiked club.
You headbutt the orc warrior!!
The orc warrior is almost dead.
The orc warrior is almost dead.
The orc warrior hits you with a flail!
You die...

###.....#
#......# #.....#
#......###
#######
#......'.
##......#####
#...........
#..o..#..####.##
#..oo.o.[.......
###o####..##....
#@# ...# # #.#
###..# #.# ..#
#.# ..# #.# ...
#.# ..$# #.# #..
###


You could see an orc warrior, an orc priest and 2 orcs.

Vanquished Creatures
  The ghost of Wyvric the Geomancer, a novice GrEE of Nemelex Xobeh (D:6)
  Eustachio (D:5)
  Menkaure (D:5)
  Purgy (Sewer)
  4 ogres
  2 ice beasts
  4 sky beasts
  A wolf (D:8)
  2 phantoms (D:5)
  2 centaurs
  4 bullfrogs
  A howler monkey (D:5)
  2 crimson imps
  A jelly (D:7)
  2 orc priests (D:8)
  A hound (D:4)
  A centaur skeleton (D:4)
  4 orc wizards
  7 worker ants
  An iguana (D:4)
  A hound zombie (D:7)
  11 gnolls
  2 howler monkey skeletons
  8 adders
  A shadow imp (D:7)
  An adder zombie (D:6)
  3 worms
  6 dart slugs
  4 leopard geckos
  18 orcs
  2 ball pythons
  11 giant cockroaches
  10 goblins
  9 hobgoblins
  5 jackals
  7 kobolds (D:1)
  2 quokkas
  8 bats
  7 frilled lizards
  A quokka skeleton (D:7)
  8 rats
168 creatures vanquished.

Notes
Turn   | Place    | Note
-------+----------+-------------------------------------------
     0 | D:1      | Infinimo the Minotaur Berserker began the quest for the Orb.
     0 | D:1      | Reached XP level 1. HP: 19/19 MP: 0/0
   110 | D:1      | Reached skill level 4 in Maces & Flails
   128 | D:1      | Reached XP level 2. HP: 19/27 MP: 1/1
   605 | D:1      | Reached XP level 3. HP: 33/33 MP: 2/2
   691 | D:1      | Reached ** piety under Trog
  1462 | D:3      | Reached XP level 4. HP: 41/41 MP: 3/3
  1490 | D:3      | Reached skill level 5 in Maces & Flails
  1507 | D:3      | Reached XP level 5. HP: 47/47 MP: 4/4
  1593 | D:3      | Found a white marble altar of Elyvilon.
  1898 | D:3      | Found a shimmering altar of Xom.
  2059 | D:4      | Reached skill level 6 in Maces & Flails
  2070 | D:4      | Reached skill level 5 in Fighting
  2086 | D:4      | Reached XP level 6. HP: 42/56 MP: 5/5
  2640 | D:4      | Reached skill level 7 in Maces & Flails
  2648 | D:4      | Got an encrusted chain mail
  2659 | D:4      | Identified the cursed +1 chain mail of the Republic {rF+ MR+ Int+3} (You found it on level 4 of the Dungeon)
  2760 | D:5      | Entered Level 5 of the Dungeon
  2764 | D:5      | Noticed Menkaure
  2771 | D:5      | Killed Menkaure
  2771 | D:5      | Reached skill level 5 in Armour
  2771 | D:5      | Reached XP level 7. HP: 34/62 MP: 6/6
  2773 | D:5      | Reached *** piety under Trog
  3138 | D:5      | Noticed Eustachio
  3237 | D:5      | Killed Eustachio
  3237 | D:5      | Reached skill level 8 in Maces & Flails
  3321 | D:5      | Reached XP level 8. HP: 59/71 MP: 7/7
  3396 | D:5      | Found Ysecoxt's Magic Scroll Shoppe.
  3413 | D:5      | Found a stormy altar of Qazlal.
  3574 | D:6      | Found a glowing drain.
  3590 | Sewer    | Entered a sewer
  3614 | Sewer    | Noticed Purgy
  3619 | Sewer    | Killed Purgy
  3619 | Sewer    | Reached skill level 9 in Maces & Flails
  4246 | D:6      | Noticed Wyvric's ghost (novice GrEE)
  4253 | D:6      | Killed Wyvric's ghost
  4253 | D:6      | Reached skill level 10 in Maces & Flails
  4564 | D:6      | Found a glowing golden altar of the Shining One.
  4693 | D:7      | Reached XP level 9. HP: 81/81 MP: 8/8
  4772 | D:7      | Reached **** piety under Trog
  5027 | D:7      | Found a staircase to the Ecumenical Temple.
  5049 | D:7      | Reached skill level 11 in Maces & Flails
  5848 | D:8      | HP: 4/123 [orc warrior/flail (8)]
  5850 | D:8      | Mangled by an orc warrior

Vault maps used:
D:1:      onia_arrival_larder
D:2:      minivault_27
D:3:      elyvilon_altar_4, lemuel_statue_altar
D:4:      serial_forest, infiniplex_forest_straight_4,
          infiniplex_forest_lined_room_2, infiniplex_forest_join,
          infiniplex_forest_clump_tiny, first_ration
D:5:      nicolae_overflow_crystal_walls, serial_shops, shop, uniq_eustachio,
          uniq_menkaure
D:6:      kennysheep_mini_moat, cheibrodos_sewer_entry_drain
D:7:      minmay_temple_entry_mist
D:8:      david_nohive_1, uniq_grum
Sewer:    sewer_co_purgy_island

Skill      XL: |  1  2  3  4  5  6  7  8  9 |
---------------+----------------------------+-----
Maces & Flails | 4 5 6 7 8 10 11 | 11.8
Fighting       | 4 5 6 7 8 |  8.9
Armour         | 3 4 5 6 7 8 |  8.4
Dodging        | |  2.1

Action                   |  1- 3 |  4- 6 |  7- 9 || total
-------------------------+-------+-------+-------++-------
Melee: Mace              |    91 |    78 |   319 ||   488
       Headbutt          |     9 |    18 |    58 ||    85
Invok: Berserk           |       |     3 |     4 ||     7
  Use: Scroll            |     5 |     5 |     2 ||    12
 Stab: Sleeping          |     2 |       |       ||     2
  Eat: Chunk             |     2 |     6 |     7 ||    15
       Ration            |       |       |     2 ||     2
Armor: Animal skin       |     2 |       |       ||     2
       Chain mail        |    36 |    44 |   165 ||   245
Dodge: Dodged            |    42 |    42 |   112 ||   196

Table legend:
 A = Spawn XP
 B = Non-spawn XP
 C = Spawn XP percentage of total XP
 D = Spawn monster count
 E = Non-spawn monster count
 F = Spawn count percentage of total count
 G = Total turns spent on level
                    A         B        C        D         E        F      G
               +---------+---------+-------+---------+---------+-------+---------
         Total |       0 |    4492 |   0.0 |       0 |     168 |   0.0 |  5850
               +---------+---------+-------+---------+---------+-------+---------
           D:1 |       0 |      55 |   0.0 |       0 |      32 |   0.0 |   885
           D:2 |       0 |      34 |   0.0 |       0 |      13 |   0.0 |   566
           D:3 |       0 |     175 |   0.0 |       0 |      30 |   0.0 |   582
           D:4 |       0 |     357 |   0.0 |       0 |      10 |   0.0 |   727
           D:5 |       0 |     839 |   0.0 |       0 |      19 |   0.0 |   792
           D:6 |       0 |    1143 |   0.0 |       0 |      19 |   0.0 |   974
           D:7 |       0 |    1033 |   0.0 |       0 |      20 |   0.0 |   827
           D:8 |       0 |     694 |   0.0 |       0 |      17 |   0.0 |   337
         Sewer |       0 |     162 |   0.0 |       0 |       8 |   0.0 |   160
               +---------+---------+-------+---------+---------+-------+---------
